 Dungeon Crawl Stone Soup version 0.26.0-10-g1f06aea511 (webtiles) character file.

Game seed: 2119631551018784615

494 inc the Summoner (level 6, -7/26 HPs)
             Began as a Felid Summoner on Feb 2, 2021.
             Was a Plaything of Xom.
             Shot with a sling bullet by Joseph (11 damage)
             ... on level 7 of the Dungeon.
             The game lasted 00:16:42 (9598 turns).

inc the Summoner (Felid Summoner)                   Turns: 9598, Time: 00:16:43

Health: -7/26      AC:  2    Str:  1 (2)  XL:     6   Next: 92%
Magic:  5/10       EV: 21    Int: 19      God:    Xom [..*...]
Gold:   610        SH:  0    Dex: 22      Spells: 0/10 levels left
                                        Lives:  0   Deaths: 2

rFire    . . .     SeeInvis +   (weapon unavailable)
rCold    . . .     Faith    .   (shield unavailable)
rNeg     . . .     Spirit   .   (armour unavailable)
rPois    +         Reflect  .   (helmet unavailable)
rElec    .         Harm     .   (cloak unavailable)
rCorr    .         Rampage  .   (gloves unavailable)
Will     .....     Clarity  +   (boots unavailable)
Stlth    ++++......             (no amulet)
HPRegen  0.08/turn              d - +6 ring of dexterity
MPRegen  0.12/turn              (no ring)

@: quick
A: very small, no armour, no weapons or thrown items, stealth, antennae 1, claws
1, fangs 3, thin skeletal structure 1, see invisible, clarity, clumsy 1,
deterioration 1, speed 1, mutation resistance 1, poison resistance, shaggy fur
2, weak 1, sharp paws
a: Renounce Religion


You were on level 7 of the Dungeon.
You worshipped Xom.
You were a toy of Xom.
You visited 2 branches of the dungeon, and saw 9 of its levels.

You collected 610 gold pieces.

Inventory:

Jewellery
 d - a +6 ring of dexterity (left paw)
 h - an uncursed ring of wizardry {unknown}
 j - an uncursed ring of resist corrosion {unknown}
 l - an uncursed amulet of guardian spirit {unknown}
 x - a +4 ring of protection
 B - the ring of Avuk {Str+6 Int+6 Dex+4, unknown}
   (You found it on level 8 of the Dungeon)

   [ring of strength]

   It affects your strength (+6).
   It affects your intelligence (+6).
   It affects your dexterity (+4).
Wands
 u - a wand of random effects (13)
 y - a wand of iceblast (20)
Scrolls
 a - 5 scrolls of remove curse {unknown}
 c - 2 scrolls of amnesia {unknown}
 f - 3 scrolls of fog {unknown}
 g - 2 scrolls of teleportation {unknown}
 k - 3 scrolls of enchant armour {unknown}
 m - 7 scrolls of identify {unknown}
 o - 3 scrolls of magic mapping {unknown}
 p - a scroll of random uselessness {unknown}
 q - a scroll of immolation {unknown}
 r - 4 scrolls of enchant weapon {unknown}
 z - a scroll of fear {unknown}
 A - a scroll of holy word {unknown}
Potions
 e - a potion of ambrosia {unknown}
 i - a potion of curing {unknown}
 n - a potion of magic {unknown}
 s - a potion of flight {unknown}
 t - 2 potions of brilliance {unknown}
 v - 2 potions of cancellation {unknown}
 w - 2 potions of mutation {unknown}


   Skills:
 - Level 2.3 Fighting
 - Level 4.3 Dodging
 - Level 2.6 Stealth
 - Level 2.6 Spellcasting
 - Level 8.1 Summonings
 + Level 2.7 Air Magic


You couldn't memorise any spells.
You knew the following spells:

 Your Spells              Type           Power        Failure   Level
a - Summon Small Mammal   Summ           100%         1%          1
b - Call Imp              Summ           33%          1%          2
c - Call Canine Familiar  Summ           33%          1%          3
d - Summon Lightning Spi  Summ/Air       23%          17%         4

Your spell library contained the following spells:

 Spells                   Type           Power        Failure   Level
 Summon Guardian Golem    Hex/Summ       17%          9%          3
 Magic Dart               Conj           8%           16%         1
 Blink                    Tloc           N/A          24%         2
 Slow                     Hex            2%           24%         2
 Sublimation of Blood     Necr           1%           24%         2
 Summon Ice Beast         Ice/Summ       17%          30%         4
 Mephitic Cloud           Conj/Pois/Air  5%           32%         3
 Conjure Flame            Conj/Fire      2%           43%         3
 Ignite Poison            Fire/Tmut/Pois 2%           43%         3
 Petrify                  Tmut/Erth      2%           85%         4
 Alistair's Intoxication  Tmut/Pois      1%           99%         5
 Irradiate                Conj/Tmut      1%           99%         5
 Eringya's Noxious Bog    Tmut/Pois      1%           100%        6


Dungeon Overview and Level Annotations

Branches:
Dungeon (8/15)             Temple (1/1) D:6
   Lair: D:8-11

Altars:
Ashenzari
Cheibriados
Kikubaaqudgha
Nemelex Xobeh
Okawaru
Qazlal
Ru
Sif Muna
Uskayaw
Vehumet
Wu Jian
Xom
Zin

Annotations:
D:6 Pikel
D:7 Joseph


Innate Abilities, Weirdness & Mutations

You cannot wear armour.
You are incapable of wielding weapons or throwing items.
Your paws allow you to move quietly. (Stealth)
You have sharp claws.
You have razor-sharp teeth.
You have supernaturally acute eyesight. (SInv)
You cover ground quickly.
You are covered in thick fur. (AC +2)
Your sharp claws are effective at attacking unaware monsters.
You have a pair of small antennae on your head.
You have a somewhat thin skeletal structure. (Dex +2, Stealth)
You possess an exceptional clarity of mind.
You are clumsy. (Dex -2)
Your body sometimes deteriorates upon taking damage.
You are somewhat resistant to further mutation.
Your system is resistant to poisons. (rPois)
You are weak. (Str -2)


Message History

Confirm with . or Enter, or press ? or * to list all spells.
The orc hits your hound with a +0 whip. The orc barely misses your hound.
Your hound barely misses the orc.
Your hound closely misses the orc.
Your hound bites the orc.
Your hound bites the orc warrior but does no damage.
There is an open door here. "You have grown too confident for your meagre worth."
Your body is wracked with pain!
* * * LOW HITPOINT WARNING * * *
You are now a toy of Xom.
Things that are here:
a +0 giant club; an ogre skeleton
There is a stone staircase leading up here.
You climb upwards.
Level annotation: Joseph Joseph shoots a sling bullet.
The sling bullet completely misses you.
Joseph shoots a sling bullet.
The sling bullet hits you!
You die...
Xom chuckles heartily!

#.# #.# ###.##### ..
......[.#####.
...........##.
###.###.##.##.#
#.##...#.##.##
#.l..#.......######.#
####.......(..@.((@.#
####.##.#...########
#..........ยง........
#.#..##.##5.########
#.#..##.##..#
#.#.........#
#.#.###.###.#
#.#.###5# #5#
#.#.#...# #.#


You could see Joseph.

Vanquished Creatures
  A wyvern (D:7)
  A gnoll (D:6)
  A worm (D:2)
  A leopard gecko (D:2)
  An orc (D:5)
  12 bats
  A goblin (D:1)
  3 jackals
  A frilled lizard (D:2)
  2 kobolds (D:1)
  A leopard gecko skeleton (D:4)
  A quokka skeleton (D:7)
  4 rats
30 creatures vanquished.

Vanquished Creatures (collateral kills)
  A sky beast (D:5)
  A phantom (D:5)
  3 ogres
  A centaur (D:4)
  A lemure (D:5)
  A bullfrog (D:7)
  4 scorpions
  A howler monkey (D:4)
  A bullfrog skeleton (D:5)
  2 orc priests
  An iguana (D:5)
  4 orc wizards
  5 worker ants
  A howler monkey zombie (D:5)
  6 gnolls
  10 adders
  A white imp (D:6)
  5 ufetubi
  An ooze (D:3)
  2 adder skeletons (D:4)
  A worm (D:5)
  A dart slug (D:3)
  2 leopard geckos
  9 orcs
  A bat (D:1)
  4 goblins
  2 hobgoblins
  10 jackals
  2 kobolds
  A frilled lizard (D:3)
  A quokka zombie (D:8)
  3 rats
89 creatures vanquished.

Vanquished Creatures (others)
  2 fungi (D:5)
  A plant (D:4)
  4 toadstools (D:5)
  3 withered plants (D:4)
10 creatures vanquished.

Grand Total: 129 creatures vanquished

Notes
Turn   | Place    | Note
-------+----------+-------------------------------------------
     0 | D:1      | inc the Felid Summoner began the quest for the Orb.
     0 | D:1      | Reached XP level 1. HP: 7/7 MP: 4/4
   608 | D:1      | Reached XP level 2. HP: 11/11 MP: 4/6
   867 | D:1      | Learned a level 2 spell: Call Imp
  1906 | D:2      | Reached skill level 5 in Summonings
  1906 | D:2      | Reached XP level 3. HP: 14/14 MP: 7/7
  2479 | D:3      | Found an iron altar of Okawaru.
  2704 | D:3      | Noticed a scorpion
  2718 | D:3      | Killed a scorpion
  2719 | D:3      | Reached XP level 4. HP: 18/18 MP: 2/8
  3022 | D:3      | Found a stormy altar of Qazlal.
  3024 | D:3      | Noticed a fire elemental
  3024 | D:3      | Noticed a water elemental
  3025 | D:3      | Noticed an earth elemental
  3025 | D:3      | Noticed an air elemental
  3101 | D:3      | Found a shimmering altar of Xom.
  3231 | D:3      | Became a worshipper of Xom of Gnomic Intent
  3333 | D:4      | Reached skill level 6 in Summonings
  3347 | D:4      | XOM: smoke on damage
  3355 | D:4      | Learned a level 3 spell: Call Canine Familiar
  3450 | D:4      | XOM: silly message
  3710 | D:4      | XOM: silly message
  3759 | D:4      | Reached XP level 5. HP: 20/21 MP: 1/9
  3807 | D:4      | XOM is BORED!
  3807 | D:4      | XOM: silly message
  3967 | D:4      | XOM: divination: detect items
  3983 | D:4      | XOM: smoke on damage
  4052 | D:4      | Noticed an ogre
  4057 | D:4      | Killed an ogre
  4067 | D:4      | XOM: silly message
  4128 | D:4      | Found an ancient bone altar of Kikubaaqudgha.
  4217 | D:4      | Reached skill level 7 in Summonings
  4340 | D:4      | XOM: 3-stop teleportation journey
  4488 | D:4      | Noticed a centaur
  4494 | D:4      | XOM: silly message
  4494 | D:4      | Slain by a centaur
  4495 | D:4      | Reached XP level 4. HP: -5/18 MP: 8/8
  4507 | D:4      | XOM: give mutations
  4507 | D:4      | Gained mutation: You have a pair of small antennae on your
                  | head. [Xom's mischief]
  4582 | D:4      | Reached XP level 5. HP: 21/21 MP: 2/9
  4626 | D:4      | XOM: polymorph shadow imp -> quasit
  4677 | D:4      | XOM: butterfly on damage
  4699 | D:4      | XOM: summons friendly shadow imp
  4718 | D:4      | Killed a centaur
  5159 | D:4      | XOM: scenery: summon butterflies
  5181 | D:5      | Entered Level 5 of the Dungeon
  5195 | D:5      | XOM: give mutations
  5195 | D:5      | Gained mutation: You are somewhat resistant to further
                  | mutation. [Xom's grace]
  5195 | D:5      | Gained mutation: You possess an exceptional clarity of
                  | mind. [Xom's grace]
  5341 | D:5      | Noticed an ogre
  5352 | D:5      | Noticed a phantom
  5354 | D:5      | Killed an ogre
  5357 | D:5      | Gained mutation: You are covered in thick fur. (AC +2)
                  | [Felid growth]
  5357 | D:5      | Reached XP level 6. HP: 20/24 MP: 0/10
  5441 | D:5      | XOM: summons friendly crimson imp
  5451 | D:5      | Reached skill level 1 in Fighting
  5803 | D:5      | XOM: give mutations
  5803 | D:5      | Gained mutation: You are dopey. (Int -2) [Xom's mischief]
  5803 | D:5      | Gained mutation: You are frail. (-10% HP) [Xom's mischief]
  5803 | D:5      | Gained mutation: You are weak. (Str -2) [Xom's mischief]
  5803 | D:5      | Lost mutation: You are dopey. (Int -2) [Xom's mischief]
  5950 | D:5      | XOM: polymorph wolf -> worm
  5992 | D:5      | Found a sacrificial altar of Ru.
  6007 | D:5      | XOM: butterfly on damage
  6185 | D:5      | Noticed a sky beast
  6215 | D:5      | Killed a sky beast
  6874 | D:6      | XOM: noise
  6874 | D:6      | Noticed Pikel
  7005 | D:6      | Reached XP level 7. HP: 26/27 MP: 7/11
  7315 | D:6      | Found an ornate altar of the Wu Jian Council.
  7342 | D:6      | Found a sparkling altar of Nemelex Xobeh.
  7466 | D:5      | XOM is BORED!
  7466 | D:5      | XOM: torment (15/27 hp)
  7539 | D:5      | XOM: give mutations
  7539 | D:5      | Gained mutation: Your system is resistant to poisons.
                  | (rPois) [Xom's mischief]
  7539 | D:5      | Gained mutation: Your body sometimes deteriorates upon
                  | taking damage. [Xom's mischief]
  7539 | D:5      | Gained mutation: You have a somewhat thin skeletal
                  | structure. (Dex +2, Stealth) [Xom's mischief]
  8047 | D:6      | XOM: butterfly on damage
  8055 | D:6      | Killed from afar by an orc wizard
  8056 | D:6      | Reached XP level 6. HP: 0/23 MP: 6/10
  8076 | D:6      | Found a staircase to the Ecumenical Temple.
  8092 | D:6      | Reached skill level 8 in Summonings
  8103 | Temple   | Entered the Ecumenical Temple
  8112 | Temple   | XOM: give mutations
  8112 | Temple   | Gained mutation: You are clumsy. (Dex -2) [Xom's mischief]
  8112 | Temple   | Lost mutation: You are frail. (-10% HP) [Xom's mischief]
  8208 | Temple   | XOM: summons 4 hostile demons
  8209 | Temple   | Noticed a red devil
  8256 | D:6      | XOM: summons 4 hostile demons
  8257 | D:6      | Noticed a smoke demon
  8474 | D:7      | XOM: polymorph white imp -> crimson imp
  8516 | D:7      | Found the +8 whip "Snakebite" {curare, rPois}
  8536 | D:7      | Learned a level 4 spell: Summon Lightning Spire
  8541 | D:7      | XOM: summons 1 hostile demon
  8595 | D:7      | Noticed a sky beast
  8596 | D:7      | Noticed Prince Ribbit
  8610 | D:7      | Noticed Prince Ribbit
  8610 | D:7      | Prince Ribbit changed into Prince Ribbit the wyvern
  8610 | D:7      | XOM: polymorph Prince Ribbit -> Prince Ribbit the wyvern
  8632 | D:8      | Found a radiant altar of Vehumet.
  8632 | D:8      | Found a glowing silver altar of Zin.
  8632 | D:8      | XOM: summons 4 hostile demons
  8633 | D:8      | Noticed a neqoxec
  8633 | D:8      | Noticed an ice devil
  8874 | D:7      | XOM: swap monsters
  8880 | D:7      | Killed Prince Ribbit the wyvern
  9143 | D:7      | Noticed Joseph
  9217 | D:8      | XOM: cloud trail
  9229 | D:8      | XOM: silly message
  9353 | D:8      | XOM: divination: magic mapping
  9376 | D:8      | XOM: cloud trail
  9389 | D:8      | XOM: polymorph hound -> ooze
  9455 | D:8      | Found a hide-covered altar of Uskayaw.
  9514 | D:8      | Got a twitching platinum ring
  9525 | D:8      | XOM: silly message
  9527 | D:8      | Noticed an orc warrior
  9539 | D:8      | XOM: cast spell 'Statue Form'
  9547 | D:8      | XOM: silly message
  9556 | D:8      | XOM: potion effect (heal wounds)
  9588 | D:8      | XOM: torment (3/26 hp)
  9598 | D:7      | Shot with a sling bullet by Joseph

Illustrated notes

Levels and vault maps discovered:
D:1:      nicolae_arrival_washed_ashore, layout_basic
D:2:      layout_basic
D:3:      layout_basic, old_standard_altar, nicolae_qazlal_style_of_elements,
          nicolae_overflow_hidden_temple
D:4:      layout_rooms, kiku_gazebo_garden_becter, chequers_big_river,
          corexii_hall_statues_l, minmay_misc_feat_alley, minmay_checkerbox
D:5:      layout_loops_ring, old_standard_altar, minmay_gold_behind_fungi
D:6:      layout_loops_cross, nemelex_xobeh_ov_fountains_minmay,
          nicolae_overflow_crystal_walls, lemuel_coloured_pillars_altar,
          minmay_temple_entry_water_ring, uniq_pikel
D:7:      layout_loops_ring, uniq_crazy_yiuf_cottage, uniq_prince_ribbit1,
          uniq_joseph
D:8:      layout_loops_corners, eat_drink_and_be_merry_uskayaw,
          chequers_temple_overflow_statue_of_worship,
          hangedman_abyss_or_decor_jellyfish_corner
Temple:   nicolae_temple_figure_zero

Skill      XL: |  1  2  3  4  5  6 |
---------------+-------------------+-----
Summonings     | 5 6 7 8 |  8.1
Fighting       | 2 |  2.3
Dodging        | 4 |  4.3
Air Magic      | 2 |  2.7
Stealth        | |  2.6
Spellcasting   | |  2.6

Action                   |  1- 3 |  4- 6 |  7- 9 || total
-------------------------+-------+-------+-------++-------
Melee: Unarmed           |    76 |   118 |    21 ||   215
       Bite              |     1 |    12 |     4 ||    17
 Cast: Summon Small Mamm |    13 |     3 |     1 ||    17
       Call Imp          |    14 |    83 |    11 ||   108
       Call Canine Famil |       |    32 |     9 ||    41
  Use: Potion            |     1 |     1 |       ||     2
 Stab: Sleeping          |    10 |     4 |       ||    14
       Distracted        |     1 |     3 |       ||     4
Armor: Skin              |     8 |    20 |       ||    28
Dodge: Dodged            |    68 |   258 |    27 ||   353
